[Event "Live Chess"]
[Site "Chess.com"]
[Date "2023.05.21"]
[Round "-"]
[White "ViktorTheCoolBoy"]
[Black "RockTroll"]
[Result "0-1"]
[WhiteElo "2459"]
[BlackElo "2240"]
[TimeControl "300"]
[EndTime "5:50:20 PDT"]
[Termination "RockTroll won by resignation"]

1. b3 d5 2. Bb2 Nf6 3. e3 e6 4. Nf3 c5 5. c4 Nc6 6. cxd5 exd5 7. Bb5 Bd6 8. O-O O-O 9. d4 cxd4 10. Nxd4 Bc7 11. Nd2 Qd6 12. N2f3 Bg4 13. g3 Ne4 14. Kg2 Qh6 15. Qd3 Bh3+ 16. Kg1 Bxf1 17. Rxf1 Ne5 18.
Nxe5 Bxe5 19. Nf5 Qf6 20. Bxe5 Qxe5 21. Qxd5 Qxd5 22. Ne7+ Kh8 23. Nxd5 Rfd8 24. Nf4 Rd2 25. Be2 g5 26. Bf3 gxf4 27. Bxe4 fxe3 28. fxe3 Re8 29. Bxb7 Rxe3 30. Rf2 Re1+ 31. Kg2 Red1 32. a4 Rxf2+ 33. Kxf2 Rd2+ 34. Kg1 Kg7 35. Be4 h6 36. h4 Kf6 37.
Kf1 Ke5 38. Bf3 Kd4 39. Bh5 f6 40. Ke1 Ke3 41. Bf7 Rg2 42. Kf1 Rxg3 43. h5 Rg7 44.
Bc4 f5 45. Be6 f4 46. b4 f3 47. Bd5 Rc7 48. Kg1 Rc1+ 0-1

[Event "Live Chess"]
[Site "Chess.com"]
[Date "2023.05.21"]
[Round "-"]
[White "GEMdzq"]
[Black "Chesscoach_Golichenko"]
[Result "0-1"]
[WhiteElo "2259"]
[BlackElo "2620"]
[TimeControl "300"]
[EndTime "5:50:48 PDT"]
[Termination "Chesscoach_Golichenko won by resignation"]

1. e4 Nf6 2. e5 Nd5 3. d4 d6 4. Nf3 g6 5. Bc4 c6 6. O-O Bg7 7. Re1 O-O 8. Bg5 dxe5 9. dxe5 Qc7 10. Nc3 Nxc3 11. bxc3 e6 12. Qd2 b5 13. Bb3 Na6 14. a4 Nc5 15. axb5 cxb5 16. Bf6 Bb7 17. Bxg7 Kxg7 18.
Qf4 Nxb3 19. cxb3 Qxc3 20. Ng5 a5 21. Rac1 Qb4 22. Qf6+ Kg8 23. Nxh7 Qg4 24. Qg5 Qxg5 25. Nxg5 Rfc8 26. f3 Bd5 27. Rxc8+ Rxc8 28. Ra1 Ra8 29.
Ne4 Bxb3 30. Kf2 a4 31. Nc5 Bc4 32. Ke3 a3 33. Kd4 a2 34. Kc3 Rd8 35. Rc1 Rd5 36. Nb3 Rd3+ 37. Kb2 Rxb3+ 38. Ka1 Rb1+ 39. Rxb1 axb1=Q+ 40.
Kxb1 Kf8 0-1

[Event "Live Chess"]
[Site "Chess.com"]
[Date "2023.05.21"]
[Round "-"]
[White "AyannaTang"]
[Black "MartinWalker4"]
[Result "0-1"]
[WhiteElo "212"]
[BlackElo "2054"]
[TimeControl "300"]
[EndTime "5:50:53 PDT"]
[Termination "MartinWalker4 won by checkmate"]

1. e4 Nf6 2. Nc3 d5 3. exd5 Nxd5 4. Nxd5 Qxd5 5. d4 Nc6 6. Nf3 Bg4 7. h3 Bxf3 8. gxf3 Nxd4 9. c3 Nxf3+ 10. Ke2 Qxd1+ 11. Kxd1 O-O-O+ 12. Bd2 Rxd2+ 13. Kc1 Rxf2 14. h4 e6 15. h5 Bc5 16. b4 Be3+ 17. Kd1 Rd8+ 18. Bd3 Rxd3# 0-1

[Event "Live Chess"]
[Site "Chess.com"]
[Date "2023.05.21"]
[Round "-"]
[White "WelshTiger"]
[Black "The_Straightforward_Rook"]
[Result "1-0"]
[WhiteElo "2303"]
[BlackElo "1976"]
[TimeControl "300"]
[EndTime "5:51:35 PDT"]
[Termination "WelshTiger won by resignation"]

1. e4 e5 2. Nf3 Nc6 3. d4 exd4 4. Bc4 Bc5 5. c3 Nf6 6. e5 Ne4 7. cxd4 Bb4+ 8. Nbd2 d5 9. Bd3 Bg4 10. h3 Bxf3 11. gxf3 Nxd2 12. Bxd2 Bxd2+ 13. Qxd2 Nxd4 14. Qe3 c5 15. b4 b6 16. Rc1 Rc8 17. Rg1 Ne6 18.
Bf5 O-O 19. Qh6 Qe7 20. bxc5 g6 21. c6 Qb4+ 22. Kf1 Rxc6 23. Rxc6 Qb5+ 24. Kg2 Qxc6 25. Rc1 Nc5 26. Bb1 Qe6 27. f4 f5 28. h4 d4 29. h5 gxh5 30. Qxe6+ Nxe6 31. Kf3 Nc5 32. Rd1 Rd8 33. Bxf5 Kf7 34. Bxh7 Ke6 35. Bg6 h4 36. Bh5 Kd5 37. Bf7+ Kc6 38. e6 1-0

[Event "Live Chess"]
[Site "Chess.com"]
[Date "2023.05.21"]
[Round "-"]
[White "jbooth"]
[Black "JoeRoot66"]
[Result "1-0"]
[WhiteElo "1721"]
[BlackElo "1889"]
[TimeControl "300"]
[EndTime "5:51:36 PDT"]
[Termination "jbooth won by resignation"]

1. e4 c6 2. d4 d5 3. Nc3 dxe4 4.
Nxe4 Nf6 5. Nxf6+ exf6 6. c3 Bd6 7. Bd3 O-O 8. Ne2 Re8 9. O-O Nd7 10. Bf4 Nf8 11.
Bxd6 Qxd6 12. Qc2 Be6 13. Rae1 Rad8 14. Ng3 c5 15. Bb5 Bd7 16. Bxd7 Nxd7 17. dxc5 Qxc5 18.
Rxe8+ Rxe8 19. Qd2 Ne5 20. Re1 Kf8 21. Ne4 Qc6 22.
Qd6+ Qxd6 23. Nxd6 Re6 24. Nxb7 Rb6 25. Nc5 Rxb2 26.
f4 Nc4 27. Nd7+ 1-0

[Event "Live Chess"]
[Site "Chess.com"]
[Date "2023.05.21"]
[Round "-"]
[White "MarkLim1"]
[Black "JoshMcK"]
[Result "1-0"]
[WhiteElo "1704"]
[BlackElo "1567"]
[TimeControl "300"]
[EndTime "5:51:40 PDT"]
[Termination "MarkLim1 won by resignation"]

1. e4 c6 2. d4 d5 3. exd5 cxd5 4.
Bd3 Nf6 5. Bf4 Nc6 6. c3 Bg4 7. Qb3 Qb6 8. Qxb6 axb6 9. Bc7 e5 10. dxe5 Ne4 11. f3 Bc5 12. fxe4 dxe4 13. Bxe4 O-O 14.
Nf3 Rac8 15. Bd6 Rfe8 16. Bxc5 bxc5 17. O-O Bxf3 18. Bxf3 Nxe5 19. Bxb7 Rcd8 20. Na3 Rd2 21. b3 Nd3 22. Bd5 Ne5 23. c4 g6 24. Nb5 Kg7 25. Nd6 Re7 26. Ne4 Rd4 27. Nxc5 Ng4 28. Rad1 Rxd1 29.
Rxd1 Ne3 30. Rc1 Nxd5 31. cxd5 Re5 32. d6 Rd5 33. d7 Rd2 34. Rc3 Rd1+ 35. Kf2 Rd2+ 36.
Ke3 Rd6 37. Rd3 1-0

[Event "Live Chess"]
[Site "Chess.com"]
[Date "2023.05.21"]
[Round "-"]
[White "Greenbecker"]
[Black "hturner40"]
[Result "1-0"]
[WhiteElo "1689"]
[BlackElo "1775"]
[TimeControl "300"]
[EndTime "5:51:42 PDT"]
[Termination "Greenbecker won by resignation"]

1. e4 Nc6 2. d4 e5 3. Nf3 exd4 4.
Nxd4 Nf6 5. Nc3 Nxe4 6. Nxe4 Qe7 7. f3 d5 8. Nxc6 bxc6 9. Bd3 dxe4 10. Bxe4 f5 11. O-O Qc5+ 12. Kh1 fxe4 13. fxe4 Ba6 14.
Rf5 Qd6 15. Qe1 g6 16. Bf4 gxf5 17. Bxd6 Bxd6 18. exf5+ Kf8 19. Qc3 Kf7 20. Qxc6 Be2 21. Re1 Rae8 22. Rxe2 Rxe2 23. Qc4+ Ke7 24. Qxe2+ Kd7 25.
Qe6+ Kd8 26. Qf6+ 1-0

[Event "Live Chess"]
[Site "Chess.com"]
[Date "2023.05.21"]
[Round "-"]
[White "whatnot126"]
[Black "Conradical12"]
[Result "1-0"]
[WhiteElo "2051"]
[BlackElo "1570"]
[TimeControl "300"]
[EndTime "5:51:42 PDT"]
[Termination "whatnot126 won by resignation"]

1. e4 e5 2. Nf3 Nc6 3. d4 exd4 4. Bc4 Bc5 5. c3 Nf6 6. O-O O-O 7. cxd4 Bb6 8. d5 Ne7 9. e5 Ne4 10. Qe2 Bxf2+ 11.
Rxf2 Nxf2 12. Qxf2 c6 13. d6 Nf5 14. Ng5 Nh6 15. Nc3 a5 16. a4 Qe8 17. Bf4 Kh8 18. Qh4 b5 19. axb5 cxb5 20. Nxb5 Ba6 21. Nc7 Qb8 1-0

[Event "Live Chess"]
[Site "Chess.com"]
[Date "2023.05.21"]
[Round "-"]
[White "onemoretime1975"]
[Black "jumush"]
[Result "1/2-1/2"]
[WhiteElo "1873"]
[BlackElo "1751"]
[TimeControl "300"]
[EndTime "5:51:43 PDT"]
[Termination "Game drawn by repetition"]

1. e4 d5 2. exd5 Qxd5 3. d4 Nc6 4. c3 e5 5. Be3 exd4 6. cxd4 Bb4+ 7. Nc3 Nf6 8. a3 Bxc3+ 9. bxc3 Bg4 10. f3 Qe6 11. Qe2 Nd5 12. Bd2 Bf5 13. Qxe6+ Bxe6 14. c4 Nb6 15. d5 Nd4 16. Kd1 Bf5 17. Bc3 Nc2 18.
Ra2 Ne3+ 19. Ke2 Nxf1 20. Kxf1 O-O 21. g4 Bd3+ 22. Kf2 Bxc4 23. Rd2 Bxd5 24. Ne2 Bc6 25. Nf4 Rfd8 26. Rhd1 Rxd2+ 27. Rxd2 f6 28. Nh5 Kf7 29. g5 fxg5 30. Nxg7 Nd5 31. Ba1 h5 32.
Nf5 Kg6 33. Nd4 Rf8 34. Nxc6 bxc6 35. Rc2 Ne7 36. Be5 g4 37. f4 Nd5 38. Rxc6+ Kf5 39. Rc5 Ke4 40. Rc4+ Kf5 41. Rc5 Ke4 42. Rc4+ Kf5 43.
Rc5 1/2-1/2

[Event "Live Chess"]
[Site "Chess.com"]
[Date "2023.05.21"]
[Round "-"]
[White "tpm07"]
[Black "Brooms1989"]
[Result "1-0"]
[WhiteElo "1942"]
[BlackElo "1149"]
[TimeControl "300"]
[EndTime "5:51:44 PDT"]
[Termination "tpm07 won by resignation"]

1. e4 e5 2. Nf3 Nc6 3. Bb5 a6 4.
Ba4 Nf6 5. O-O Bc5 6. Nxe5 Nxe5 7. d4 Bb6 8. dxe5 Nxe4 9. Qg4 Bxf2+ 10. Rxf2 Nxf2 11.
Qxg7 Rf8 12. Bh6 Qe7 13. Qxf8+ Qxf8 14. Bxf8 Kxf8 15. Kxf2 b5 16. Bb3 c5 17. Bd5 Rb8 18. Nc3 Bb7 19. Bxb7 Rxb7 20. Rd1 Ke7 21. Rd6 Ra7 22.
Nd5+ Ke8 23. Rxa6 1-0

[Event "Live Chess"]
[Site "Chess.com"]
[Date "2023.05.21"]
[Round "-"]
[White "Duke_of_Bebington"]
[Black "EdenHazard8"]
[Result "0-1"]
[WhiteElo "1567"]
[BlackElo "1940"]
[TimeControl "300"]
[EndTime "5:51:44 PDT"]
[Termination "EdenHazard8 won by resignation"]

1. e4 c6 2. d4 d5 3. Nc3 dxe4 4. Nxe4 Nf6 5. Nxf6+ exf6 6. Bd3 Bd6 7. Nf3 O-O 8. O-O Re8 9. Be3 Nd7 10. Qd2 Nf8 11. h4 Bc7 12. h5 Qd6 13. g3 Bg4 14. Nh4 Bxh5 15. Rae1 Bg6 16. Bxg6 hxg6 17. Bf4 Qd7 18. Rxe8 Rxe8 19. Bxc7 Qxc7 20. Re1 Rxe1+ 21. Qxe1 Qb6 22.
Qc3 Ne6 23. Nf3 Qb5 24. Nd2 Qd5 25. b3 Nxd4 0-1

[Event "Live Chess"]
[Site "Chess.com"]
[Date "2023.05.21"]
[Round "-"]
[White "LiamClery2020"]
[Black "viktorskliarov"]
[Result "0-1"]
[WhiteElo "1982"]
[BlackElo "2649"]
[TimeControl "300"]
[EndTime "5:51:45 PDT"]
[Termination "viktorskliarov won by resignation"]

1. e4 c6 2. d4 d5 3. Nc3 dxe4 4. Nxe4 Nf6 5. Nxf6+ gxf6 6. Nf3 Bg4 7. c3 e6 8. Be2 Bd6 9. Be3 Qc7 10. Qb3 Nd7 11. h3 Bh5 12. Ne5 Bxe2 13. Nxd7 Qxd7 14. Kxe2 O-O-O 15.
Rhd1 Rhg8 16. Kf1 f5 17. c4 f4 18. Bd2 Bc7 19. Bc3 Qe7 20. d5 exd5 21. cxd5 Qg5 22.
dxc6 Qxg2+ 23. Ke1 Rge8+ 0-1

[Event "Live Chess"]
[Site "Chess.com"]
[Date "2023.05.21"]
[Round "-"]
[White "diana21strabt"]
[Black "Olisingapore"]
[Result "0-1"]
[WhiteElo "1751"]
[BlackElo "1783"]
[TimeControl "300"]
[EndTime "5:51:48 PDT"]
[Termination "Olisingapore won by checkmate"]

1. e4 c5 2. Nf3 d6 3. d4 cxd4 4. Nxd4 Nf6 5. Nc3 a6 6. Bg5 e6 7.
f4 Be7 8. Qf3 Qc7 9. O-O-O Nbd7 10. g4 h6 11. Bxf6 Bxf6 12. Ndb5 axb5 13. Nxb5 Qb6 14.
Nxd6+ Kf8 15. e5 Rxa2 16. Nxc8 Qxb2+ 17. Kd2 Qxc2+ 18. Ke1 Bh4+ 19. Qg3 Qf2+ 20. Qxf2 Bxf2# 0-1

[Event "Live Chess"]
[Site "Chess.com"]
[Date "2023.05.21"]
[Round "-"]
[White "risinghelios"]
[Black "romchyk1219"]
[Result "1-0"]
[WhiteElo "1895"]
[BlackElo "646"]
[TimeControl "300"]
[EndTime "5:51:58 PDT"]
[Termination "risinghelios won by resignation"]

1. e4 d6 2. Bc4 Nf6 3. d3 g6 4.
Nf3 Bg7 5. Ng5 O-O 6. h4 e5 7. h5 gxh5 8. Rxh5 Re8 9. Bxf7+ Kf8 10. Bb3 Be6 11. Nxe6+ Ke7 12. Nxd8 Nxh5 13. Bg5+ Nf6 1-0

[Event "Live Chess"]
[Site "Chess.com"]
[Date "2023.05.21"]
[Round "-"]
[White "CrypticF1"]
[Black "LordBenin"]
[Result "1-0"]
[WhiteElo "476"]
[BlackElo "1369"]
[TimeControl "300"]
[EndTime "5:52:02 PDT"]
[Termination "CrypticF1 won by checkmate"]

1. e4 c6 2. Nf3 d5 3. exd5 cxd5 4. d4 Nf6 5. Nc3 Bg4 6. Be2 e6 7. Bg5 Be7 8. Bxf6 Bxf6 9. h3 Bh5 10. g4 Bg6 11. Bd3 Nc6 12. Bxg6 hxg6 13. Qd2 a6 14. g5 Be7 15. O-O-O O-O 16. h4 b5 17. h5 gxh5 18.
Rxh5 g6 19. Rh6 Kg7 20. Rdh1 Nxd4 21. Qxd4+ f6 22. gxf6+ Bxf6 23. Ne5 Rc8 24. Rxg6# 1-0

[Event "Live Chess"]
[Site "Chess.com"]
[Date "2023.05.21"]
[Round "-"]
[White "Biranidun"]
[Black "luckywookie"]
[Result "1-0"]
[WhiteElo "2524"]
[BlackElo "805"]
[TimeControl "300"]
[EndTime "5:52:17 PDT"]
[Termination "Biranidun won by checkmate"]

1. e4 c6 2. d4 d6 3. Nf3 c5 4. Bd3 cxd4 5. Nxd4 Nc6 6. Nb3 e5 7. Nc3 Nf6 8. Bg5 Be7 9. O-O O-O 10. Bxf6 Bxf6 11. Nd5 Be6 12. Be2 Nd4 13. Nxd4 exd4 14. Nxf6+ gxf6 15. Qd2 Kh8 16. Qxd4 Rg8 17. Kh1 Qf8 18.
Qxf6+ Qg7 19. Qxg7+ Rxg7 20. Rad1 Rd8 21. Rd4 f6 22. Rfd1 h6 23. Rxd6 Rxd6 24. Rxd6 Kh7 25. Rxe6 Rd7 26. Bd3 Kg7 27. h3 Kf7 28. Bc4 Kg7 29. e5 fxe5 30. Rxe5 Rd2 31. Bd3 Rxf2 32. Re7+ Kf6 33. Rxb7 Ke5 34. Rxa7 Kf4 35. Rf7+ Ke3 36. Rxf2 Kxf2 37. a4 Ke3 38. a5 Kf4 39. a6 h5 40. a7 h4 41. a8=Q Ke3 42. Qe4+ Kd2 43. Qe2+ Kc1 44. b4 Kb2 45. b5 Ka3 46. b6 Kb4 47. b7 Ka5 48. b8=Q Ka4 49. Qb5+ Ka3 50. Qb3# 1-0

[Event "Live Chess"]
[Site "Chess.com"]
[Date "2023.05.21"]
[Round "-"]
[White "chessfiction"]
[Black "SupremeTactician"]
[Result "1-0"]
[WhiteElo "2310"]
[BlackElo "2241"]
[TimeControl "300"]
[EndTime "5:52:25 PDT"]
[Termination "chessfiction won by checkmate"]

1. e4 e5 2. Nf3 Nc6 3. Bb5 a6 4. Ba4 Nf6 5. d3 Bc5 6. c3 d6 7. O-O O-O 8. h3 b5 9. Bc2 Bb6 10. Qe2 h6 11. Nbd2 Nh5 12. Nb3 Re8 13. Be3 Nf4 14.
Bxf4 exf4 15. Qd2 g5 16. Nbd4 Nxd4 17. Nxd4 Bxd4 18. cxd4 Qf6 19. Qc3 f3 20. Qc6 Be6 21.
d5 Bxh3 22. gxh3 g4 23. Qd7 h5 24. Qf5 Qh4 25. Qf4 Re5 26. Qg3 Qg5 27. h4 Qd2 28. Rac1 f5 29. Rfd1 Qh6 30. d4 f4 31. Qh2 Re7 32.
Kh1 Rg7 33. Rg1 Rf8 34. Rce1 g3 35. fxg3 f2 36. Qxf2 fxg3 37. Qe3 Qf6 38. Rxg3 Qxh4+ 39. Kg2 Rf7 40. Rh1 Qe7 41. Rh3 h4 42. Rxg7+ Rxg7+ 43. Kh2 Qf6 44. Rf3 Qg6 45. Qf2 Qg4 46. Rf8+ Kh7 47.
e5+ Kh6 48. Rh8+ Kg5 49. Qf6# 1-0

[Event "Live Chess"]
[Site "Chess.com"]
[Date "2023.05.21"]
[Round "-"]
[White "mattihelenius2"]
[Black "NotHarryV"]
[Result "0-1"]
[WhiteElo "491"]
[BlackElo "1505"]
[TimeControl "300"]
[EndTime "5:52:33 PDT"]
[Termination "NotHarryV won by resignation"]

1. d4 Nf6 2. Nd2 e6 3. Ngf3 d5 4. e3 c5 5. c3 Nc6 6. Bd3 Be7 7. Nb3 c4 8. Nc5 cxd3 9. Qxd3 Bxc5 10. dxc5 e5 11.
Qe2 Bg4 12. h3 Bh5 13. Bd2 e4 14. g4 exf3 15. Qxf3 Bg6 16. Rd1 Be4 17. Qf4 Bxh1 18. Ke2 Be4 19. f3 Bg6 20. e4 d4 21. Qe5+ Nxe5 0-1

[Event "Live Chess"]
[Site "Chess.com"]
[Date "2023.05.21"]
[Round "-"]
[White "Alfiedog12"]
[Black "Long1968"]
[Result "1-0"]
[WhiteElo "948"]
[BlackElo "958"]
[TimeControl "300"]
[EndTime "5:52:35 PDT"]
[Termination "Alfiedog12 won on time"]

1. d4 e6 2. Bf4 c5 3. dxc5 Bxc5 4. Nf3 Nc6 5. e3 Nf6 6. Nbd2 O-O 7. c3 Re8 8. Be2 e5 9. Bg3 e4 10. Ng5 d5 11.
Bh5 g6 12. Be2 h6 13. Nh3 Bxh3 14. gxh3 Qd7 15. h4 h5 16. f3 Qh3 17. fxe4 dxe4 18.
Qc2 Nd5 19. O-O-O Nxe3 20. Qb3 Nxd1 21. Qxd1 Be3 22. Bxh5 Red8 23. Be1 gxh5 24. Qxh5 1-0

[Event "Live Chess"]
[Site "Chess.com"]
[Date "2023.05.21"]
[Round "-"]
[White "raminguy"]
[Black "KeithArkell"]
[Result "0-1"]
[WhiteElo "1954"]
[BlackElo "2475"]
[TimeControl "300"]
[EndTime "5:52:43 PDT"]
[Termination "KeithArkell won by checkmate"]

1. d4 e6 2. Nc3 d5 3. Bf4 Bd6 4.
e3 Bxf4 5. exf4 c5 6. Nf3 cxd4 7. Qxd4 Nf6 8. O-O-O Nc6 9. Bb5 Bd7 10. Bxc6 bxc6 11. Rhe1 Qb6 12. f5 O-O 13. fxe6 fxe6 14. Qxb6 axb6 15. Nd4 Rfe8 16. f3 Kf7 17. a3 c5 18.
Ndb5 Bxb5 19. Nxb5 Rad8 20. Rd2 Re7 21. Rde2 e5 22.
Rxe5 Rxe5 23. Rxe5 d4 24. Kd2 Nd5 25. Na7 Kf6 26. Re4 g5 27. g3 Rd7 28. Nb5 h5 29.
Ke2 Kf5 30. h3 h4 31. g4+ Kf6 32. Kf2 Nf4 33. Re8 Nxh3+ 34. Kf1 d3 35. cxd3 Rxd3 36. Ke2 Rb3 37. Nc3 Rxb2+ 38. Kd3 Rb3 39. Kc4 Rxa3 40. Nd5+ Kf7 41. Nxb6 Kxe8 42. Kxc5 Rxf3 43. Nd5 Nf4 44. Nf6+ Kd8 45. Ne4 h3 46. Nxg5 h2 47. Nxf3 h1=Q 48. g5 Qxf3 49. g6 Nxg6 50. Kd6 Qf6+ 51. Kc5 Ne7 52. Kb4 Qd4+ 53. Ka3 Nd5 54. Ka2 Qc3 55. Kb1 Kc7 56. Ka2 Nb4+ 57. Kb1 Qc2+ 58. Ka1 Qc1# 0-1

[Event "Live Chess"]
[Site "Chess.com"]
[Date "2023.05.21"]
[Round "-"]
[White "Ferrarifan27"]
[Black "Hacker_2009"]
[Result "1-0"]
[WhiteElo "2071"]
[BlackElo "1938"]
[TimeControl "300"]
[EndTime "5:52:44 PDT"]
[Termination "Ferrarifan27 won by resignation"]

1. e4 c5 2. Nf3 d6 3. d4 cxd4 4. Nxd4 Nf6 5. Nc3 a6 6. Bg5 e6 7.
f4 Be7 8. Qf3 O-O 9. O-O-O Nc6 10. g4 d5 11. e5 Nd7 12. h4 Nxd4 13. Rxd4 Bxg5 14. hxg5 b5 15. Qh3 Re8 16. Qxh7+ Kf8 17. Qh8+ Ke7 18. Qxg7 Bb7 19. Rh7 Rf8 20. g6 Qe8 21. gxf7 Rxf7 22. Qg5+ 1-0

[Event "Live Chess"]
[Site "Chess.com"]
[Date "2023.05.21"]
[Round "-"]
[White "CheckThis4"]
[Black "Ian-Morley"]
[Result "1-0"]
[WhiteElo "2515"]
[BlackElo "1050"]
[TimeControl "300"]
[EndTime "5:52:48 PDT"]
[Termination "CheckThis4 won by resignation"]

1. d4 d5 2. Nc3 Nc6 3. e4 dxe4 4. d5 Nb8 5. Nxe4 Nf6 6. Nxf6+ gxf6 7. Bc4 e6 8. Be3 Bb4+ 9. c3 Bd6 10. dxe6 Bxe6 11.
Bxe6 fxe6 12. Qh5+ Kd7 13. O-O-O Qe7 14. Nf3 Nc6 15. Qb5 b6 16. Nd4 a6 17. Qxc6+ Kd8 18.
Qxa8+ 1-0

[Event "Live Chess"]
[Site "Chess.com"]
[Date "2023.05.21"]
[Round "-"]
[White "WelshTiger"]
[Black "whatnot126"]
[Result "1-0"]
[WhiteElo "2306"]
[BlackElo "2048"]
[TimeControl "300"]
[EndTime "5:53:06 PDT"]
[Termination "WelshTiger won by resignation"]

1. e4 d6 2. d4 Nf6 3. Nc3 g6 4. f4 Bg7 5. Nf3 O-O 6. Bd3 Nc6 7. e5 dxe5 8. fxe5 Nd5 9. Nxd5 Qxd5 10. c3 Bg4 11.
Qe2 f6 12. Bc4 Bxf3 13. gxf3 1-0

[Event "Live Chess"]
[Site "Chess.com"]
[Date "2023.05.21"]
[Round "-"]
[White "GwaryTek"]
[Black "yarek"]
[Result "1-0"]
[WhiteElo "2061"]
[BlackElo "1865"]
[TimeControl "300"]
[EndTime "5:53:08 PDT"]
[Termination "GwaryTek won on time"]

1. d4 g6 2. c4 Bg7 3. Nc3 c6 4. e4 d6 5. f4 Nf6 6. Nf3 Bg4 7. e5 Bxf3 8. Qxf3 Nfd7 9. h4 h5 10. Be3 Qa5 11. O-O-O Na6 12. Bd3 Nb4 13. Bb1 O-O-O 14. Rd2 Nb6 15. a3 Na6 16. Qe2 Na4 17. Rc2 Nxc3 18.
Rxc3 d5 19. b4 Nxb4 20. axb4 Qxb4 21. Qb2 Qxb2+ 22. Kxb2 dxc4 23. Rxc4 Rd5 24. Be4 Rb5+ 25. Kc3 e6 26. Ra1 a5 27. Rc5 Bf8 28. Rxb5 cxb5 29.
Rxa5 Be7 30. Rxb5 Bxh4 31. Rxb7 Rd8 32. Rxf7 Be1+ 33. Kc4 Rg8 34. Bc1 h4 35. Ba3 1-0

[Event "Live Chess"]
[Site "Chess.com"]
[Date "2023.05.21"]
[Round "-"]
[White "ms_lilley"]
[Black "NaCl1251"]
[Result "1-0"]
[WhiteElo "605"]
[BlackElo "568"]
[TimeControl "300"]
[EndTime "5:53:10 PDT"]
[Termination "ms_lilley won by resignation"]

1. d4 d5 2. e3 e6 3. Nf3 Bb4+ 4. Bd2 Qd6 5. a3 Bxd2+ 6. Nbxd2 Nc6 7. b4 Nf6 8. h3 O-O 9. b5 Na5 10. a4 Ne4 11. Nxe4 dxe4 12. Ne5 Qb4+ 13. Qd2 Qb2 14. Rd1 Nc4 15. Bxc4 c6 16. O-O cxb5 17. axb5 f6 18. Ng4 f5 19. Ne5 Bd7 20. Rb1 Qa2 21. Bxa2 Bxb5 22.
Rxb5 1-0

[Event "Live Chess"]
[Site "Chess.com"]
[Date "2023.05.21"]
[Round "-"]
[White "GMHarry-youtube"]
[Black "davigator"]
[Result "0-1"]
[WhiteElo "2025"]
[BlackElo "2321"]
[TimeControl "300"]
[EndTime "5:53:18 PDT"]
[Termination "davigator won by checkmate"]

1. e4 c5 2. Nf3 Nc6 3. Bb5 g6 4.
O-O Bg7 5. c3 Nf6 6. Re1 O-O 7.
d4 cxd4 8. cxd4 d5 9. e5 Ne4 10.
Bxc6 bxc6 11. Nc3 Bf5 12. Nd2 Nxc3 13. bxc3 f6 14. e6 g5 15. f4 Qd6 16. g4 Bxe6 17. f5 Bf7 18. Nb3 e6 19. fxe6 Bxe6 20. Nc5 Bc8 21.
Ba3 Qf4 22. Nd3 Qxg4+ 23. Qxg4 Bxg4 24. Bxf8 Bxf8 25. Nc5 Kf7 26. Rab1 Bc8 27. a4 Bd6 28. Nb7 Bf4 29. a5 Bf5 30. Rb4 h5 31. Nc5 Bc8 32. a6 Bd6 33. Ra1 h4 34. h3 Bxh3 35.
Rb7+ Kg6 36. Nd7 Rd8 37. Rxa7 Bxd7 38. Rxd7 Rxd7 39. a7 Rxa7 40. Rxa7 Kf5 41. Ra6 Bf4 42. Rxc6 Bd2 43. Kg2 g4 44. c4 dxc4 45. Rxc4 h3+ 46. Kh1 g3 47. d5 g2+ 48. Kh2 Be3 49. Rc1 Bxc1 50. d6 Bf4+ 51. Kg1 Bxd6 52. Kf2 Bc5+ 53. Kg3 g1=Q+ 54. Kxh3 Qg4+ 55. Kh2 Bd6+ 56. Kh1 Qh3+ 57. Kg1 Bc5# 0-1

[Event "Live Chess"]
[Site "Chess.com"]
[Date "2023.05.21"]
[Round "-"]
[White "AlanPaling"]
[Black "JohanKjeldahl"]
[Result "0-1"]
[WhiteElo "1366"]
[BlackElo "1865"]
[TimeControl "300"]
[EndTime "5:53:24 PDT"]
[Termination "JohanKjeldahl won by resignation"]

1. c4 Nf6 2. Nc3 e5 3. g3 Nc6 4. Bg2 d6 5. e4 Be6 6. d3 Be7 7.
f4 exf4 8. gxf4 O-O 9. f5 Bd7 10. Nge2 a6 11. O-O Ne5 12. Nf4 b5 13. b3 c6 14. Be3 b4 15. Na4 Nfg4 16. Qe2 Nxe3 17. Qxe3 c5 18. Nb2 Bc6 19. h3 Bf6 20. Rab1 Qd7 21.
Nd1 Nxc4 22. Ne2 Ne5 23. d4 cxd4 24. Nxd4 Bb5 25. Nxb5 Qxb5 26. Nf2 Rac8 27. Rbc1 Rc5 28. Rxc5 dxc5 29. Rd1 h6 30. Bf1 Qc6 31. Bc4 Nxc4 32. bxc4 Bd4 33. Qf4 Rd8 34. Kg2 Qf6 35. Ng4 Qg5 36.
Qxg5 hxg5 37. Ne3 Kf8 38. Nd5 f6 39. Kg3 Kf7 40. Kg4 a5 41. h4 gxh4 42. Kxh4 Rh8+ 43.
Kg3 Rh5 44. Kg4 Rg5+ 45. Kf3 g6 46. fxg6+ Kxg6 47. Nf4+ Kf7 48. Nd5 Rg1 49. Rxg1 Bxg1 50. Kf4 a4 51. Nb6 b3 52. Nxa4 bxa2 0-1

[Event "Live Chess"]
[Site "Chess.com"]
[Date "2023.05.21"]
[Round "-"]
[White "FailsGambits"]
[Black "lateforthesky"]
[Result "0-1"]
[WhiteElo "1335"]
[BlackElo "2132"]
[TimeControl "300"]
[EndTime "5:53:32 PDT"]
[Termination "lateforthesky won by checkmate"]

1. e4 c5 2. Nf3 Nf6 3. Nc3 d6 4. d4 cxd4 5. Nxd4 a6 6. Be3 e5 7.
Nb3 Be6 8. Be2 Be7 9. O-O Nbd7 10. Nd5 Nxd5 11. exd5 Bf5 12. c4 Rc8 13. Rc1 O-O 14. Bg4 Bg6 15. f4 f5 16. Be2 Bf6 17. Bh5 exf4 18.
Bxg6 hxg6 19. Bxf4 Bxb2 20. Rc2 Be5 21. Qf3 g5 22. Bd2 g4 23. Qd3 Qf6 24. Bf4 Bxf4 25.
Rxf4 Ne5 26. Qf1 g5 27. Rd4 b5 28. Rdd2 Nxc4 29. Rf2 Ne3 30. Rxc8 Nxf1 31. Rxf8+ Kxf8 32. Rxf1 f4 33. g3 f3 34. Kh1 Qb2 35. Ra1 Qg2# 0-1

[Event "Live Chess"]
[Site "Chess.com"]
[Date "2023.05.21"]
[Round "-"]
[White "omisoc"]
[Black "jimwad"]
[Result "1-0"]
[WhiteElo "2175"]
[BlackElo "1220"]
[TimeControl "300"]
[EndTime "5:53:33 PDT"]
[Termination "omisoc won on time"]

1. Nf3 d5 2. e3 Nc6 3. d4 Bg4 4.
c4 e6 5. Qb3 Qc8 6. Nc3 dxc4 7.
Bxc4 Nf6 8. O-O Bxf3 9. gxf3 Be7 10. Kh1 Na5 11. Qa4+ Nc6 12. Rg1 O-O 13. f4 a6 14.
Be2 b5 15. Qd1 Nb4 16. Bf3 Nbd5 17. Bd2 c6 18. Rc1 Nxc3 19. bxc3 Ra7 20. e4 Rd7 21. Be3 Qd8 22. a4 b4 23. cxb4 Bxb4 24.
Rxc6 a5 25. Qc2 Rb7 26. f5 exf5 27. e5 Nd5 28. Qxf5 Nxe3 29. fxe3 Rc7 30. Rxc7 Qxc7 31. Qf6 g6 32. Bd5 Qd7 33. Be4 Qe7 34. Qxe7 Bxe7 35. Rc1 Rb8 36. Rc7 Bf8 37. Bd5 Rb1+ 38. Kg2 Rb2+ 39.
Kf3 Rb4 40. Rxf7 Rxa4 41. Ra7+ Kh8 42. e6 1-0

[Event "Live Chess"]
[Site "Chess.com"]
[Date "2023.05.21"]
[Round "-"]
[White "MarkLim1"]
[Black "Brooms1989"]
[Result "1-0"]
[WhiteElo "1705"]
[BlackElo "1148"]
[TimeControl "300"]
[EndTime "5:53:38 PDT"]
[Termination "MarkLim1 won by resignation"]

1. e4 e5 2. Bc4 Nf6 3. d3 Bc5 4.
Nf3 d6 5. O-O h6 6. c3 O-O 7.
Nbd2 Bb6 8. Re1 Bg4 9. Nf1 Nbd7 10. h3 Bh5 11. Ng3 Bxf3 12. Qxf3 Nc5 13. a4 a5 14. Nf5 Ne6 15. Qg3 Nh7 16. Bxe6 1-0

[Event "Live Chess"]
[Site "Chess.com"]
[Date "2023.05.21"]
[Round "-"]
[White "garyjc"]
[Black "TheSmoulderingMaster"]
[Result "0-1"]
[WhiteElo "1040"]
[BlackElo "1641"]
[TimeControl "300"]
[EndTime "5:53:42 PDT"]
[Termination "TheSmoulderingMaster won by resignation"]

1. e4 c5 2. Nc3 Nc6 3. f4 e6 4.
Nf3 Nge7 5. Bc4 g6 6. O-O Bg7 7. d3 O-O 8. f5 d5 9. exd5 exd5 10.
Bb3 Bxf5 11. Nh4 Nd4 12. Nxf5 Nexf5 13. Bxd5 Ne3 14. Bxe3 Re8 15. Bxf7+ Kh8 16. Bxe8 Qxe8 17. Re1 Qd7 18. Qd2 b5 19. Bh6 Bxh6 20. Qxh6 Nxc2 21.
Re4 Nxa1 22. Qg5 Qg7 23. Re7 Qd4+ 24. Kh1 Rf8 25. Qe5+ Qxe5 0-1